 Dungeon Crawl Stone Soup version 0.28-a0-863-g8cecda6153 (webtiles) character file.

Game seed: 711038032685371059

7365 jbasstz the Cleaver (level 10, -8/89 HPs)
             Began as a Black Draconian Berserker on Nov 16, 2021.
             Was a High Priest of Trog.
             Mangled by a troll (9 damage)
             ... on level 9 of the Dungeon.
             The game lasted 00:51:35 (12051 turns).

jbasstz the Cleaver (Black Draconian Berserker)    Turns: 12051, Time: 00:51:36

Health: -8/89      AC:  9    Str: 23    XL:     10   Next: 91%
Magic:  0/10       EV: 13    Int:  8    God:    Trog [*****.]
Gold:   528        SH:  4    Dex: 10    Spells: 9/9 levels left

rFire   . . .      SeeInvis .   r - +2 war axe (vorpal)
rCold   . . .      Faith    .   g - +0 buckler
rNeg    . . .      Spirit   +   (armour unavailable)
rPois   .          Reflect  .   (helmet restricted)
rElec   +          Harm     .   t - +0 cloak "Vywaon" {-Tele Rampage +Inv}
rCorr   .          Rampage  +   m - +0 pair of gloves
Will    .....      NoTele   +   (no boots)
Stlth   ++........              j - amulet of guardian spirit
HPRegen 0.24/turn               (no ring)
MPRegen 0.12/turn               (no ring)

@: no status effects
A: breathe lightning, AC +7, unfitting armour, electricity resistance,
cold-blooded
a: Breathe Lightning, Renounce Religion, Evoke Invisibility, Berserk, Trog's
Hand, Brothers in Arms


You were on level 9 of the Dungeon.
You worshipped Trog.
Trog was extremely pleased with you.
You visited 1 branch of the dungeon, and saw 9 of its levels.

You collected 528 gold pieces.

Inventory:

Hand Weapons
 b - a +1 short sword of draining
 r - a +2 vorpal war axe (weapon)
 w - a +0 dagger of venom
 z - a +0 whip of holy wrath
 B - a +2 short sword of holy wrath
 F - a +0 dagger of venom
 I - a +1 scimitar of electrocution
 J - a +1 shortbow of flaming
 L - a +3 dagger of chaos
 M - a +1 vorpal quarterstaff
 N - the +4 flail of Supply {speed, rF- Str+4 Dex+2}
   (You found it on level 9 of the Dungeon)

   Attacks with this weapon are significantly faster.
   Str:       It affects your strength (+4).
   Dex:       It affects your dexterity (+2).
   rF:        It makes you vulnerable to fire.
Missiles
 a - 62 sling bullets
Armour
 g - a +0 buckler (worn)
 m - a +0 pair of gloves (worn)
 t - the +0 cloak "Vywaon" (worn) {-Tele Rampage +Inv}
   (You found it on level 5 of the Dungeon)

   +Inv:      It lets you turn invisible.
   -Tele:     It prevents most forms of teleportation.
   Rampage:   It bestows one free step when moving towards enemies.
Jewellery
 i - a ring of wizardry
 j - an amulet of guardian spirit (around neck)
Wands
 u - a wand of iceblast (23)
 A - a wand of polymorph (8) (quivered)
 D - a wand of flame (37)
Scrolls
 e - a scroll of fear {unknown}
 k - 5 scrolls of noise {unknown}
 l - 3 scrolls of teleportation {unknown}
 n - 2 scrolls of enchant weapon {unknown}
 o - 8 scrolls of identify {unknown}
 p - 2 scrolls of fog {unknown}
 v - a scroll of enchant armour {unknown}
 y - a scroll of blinking {unknown}
 C - a scroll of vulnerability {unknown}
 E - a scroll of holy word {unknown}
 G - a scroll of brand weapon {unknown}
 K - a scroll of immolation {unknown}
Potions
 c - 7 potions of curing
 d - a potion of attraction {unknown}
 f - 2 potions of haste {unknown}
 h - 2 potions of ambrosia {unknown}
 q - a potion of resistance {unknown}
 s - a potion of mutation {unknown}
 x - a potion of degeneration {unknown}
 H - a potion of berserk rage {unknown}
 O - a potion of magic {unknown}


   Skills:
 + Level 8.3 Fighting
 + Level 5.6 Short Blades
 + Level 11.4 Axes
 + Level 6.7 Dodging
 + Level 4.6 Stealth
 + Level 3.1 Shields
 + Level 0.9 Evocations


You had 9 spell levels left.
You didn't know any spells.
Your spell library contained the following spells:

 Spells                   Type           Power      Damage    Failure   Level
 Foxfire                  Conj/Fire      0%         2x1d4     43%         1
 Magic Dart               Conj           0%         1d3       43%         1
 Slow                     Hex            0%         N/A       43%         1
 Blink                    Tloc           0%         N/A       58%         2
 Call Imp                 Summ           0%         N/A       58%         2
 Mephitic Cloud           Conj/Pois/Air  0%         N/A       82%         3
 Manifold Assault         Tloc           0%         N/A       100%        5
 Starburst                Conj/Fire      0%         6d3       100%        6
 Storm Form               Tmut/Air       0%         N/A       100%        7
 Fire Storm               Conj/Fire      0%         5d1       100%        9


Dungeon Overview and Level Annotations

Branches:
Dungeon (9/15)             Temple (0/1) D:7
   Lair: D:8-11         Orc: D:9-12

Altars:
Dithmenos
Elyvilon
Kikubaaqudgha
Makhleb
Nemelex Xobeh
Okawaru
Qazlal
Zin
The Shining One


Innate Abilities, Weirdness & Mutations

You can breathe wild blasts of lightning.
Your glossy black scales are hard. (AC +7)
You cannot fit into any form of body armour.
You are resistant to electric shocks. (rElec)
You are cold-blooded and may be slowed by cold attacks.


Message History

There are monsters nearby!
You slash the elephant!
You kill the elephant!
Trog accepts your kill.
You see here an elephant corpse.
Things that are here:
a +0 hand axe; a +0 scale mail You hit the troll but do no damage.
The troll barely misses you. The troll claws you!
* * * LOW HITPOINT WARNING * * *
The troll closely misses you.
Things that are here:
a +0 hand axe; a +0 chain mail; an orc skeleton It was a potion of curing.
You feel better. The troll bites you!
* * * LOW HITPOINT WARNING * * *
The troll claws you but does no damage. The troll completely misses you.
You slash the troll!
Your tail-slap misses the troll.
The troll is moderately wounded.
You hit the troll.
The troll is heavily wounded.
The troll closely misses you. The troll barely misses you.
You block the troll's attack.
You hit the troll.
The troll is severely wounded.
The troll barely misses you. The troll claws you.
* * * LOW HITPOINT WARNING * * *
The troll closely misses you.
You barely miss the troll. You tail-slap the troll.
The troll is severely wounded.
You block the troll's attack. The troll claws you.
* * * LOW HITPOINT WARNING * * *
The troll closely misses you.
You slash the troll!
You tail-slap the troll, but do no damage.
The troll is almost dead.
The troll bites you but does no damage. The troll closely misses you. x2
You barely miss the troll.
The troll is almost dead.
You block the troll's attack. The troll claws you!
You die...

.♣...†...♣.#
#.##.#..#.
..8..#.....# .# #.
#.#..#.
♣.....)..)♣♣## #.#
#..##.##.#
.♣....P..♣...# #.#
#..#.#..#)
.♣.......♣...# #.##
#...######
♣♣♣..♣..♣♣.♣.# #..
......##..
......♣...♣..# #.#
#.....)...
....♣.....♣..#####.#
#.##..##.#
♣♣.....♣.♣...).T@))#
#.(.......
..♣♣..♣...########)#
#........#
♣...♣♣♣♣♣.#.# #.#
#........#
..♣...♣....# #.#
#........# ♣♣.♣
♣....♣# #.#
#...<....#
.♣♣♣♣♣♣...♣ #.#
###........#
♣♣♣......♣♣..... ...
...........#
♣♣.♣.♣♣♣.♣...# ###
##.........
♣.♣...♣♣.....#
#.........


You could see a troll.

Vanquished Creatures
  Pikel (D:5)
  A cyclops (D:8)
  2 elephants (D:9)
  Psyche (D:8)
  A vampire (D:9)
  A wyvern (D:7)
  10 yaks
  A steam dragon (D:9)
  A naga (D:9)
  A water moccasin (D:6)
  3 orc warriors
  3 ice beasts
  A sky beast (D:6)
  2 ogres (D:5)
  3 necrophages
  4 centaurs
  5 kobold brigands
  Blork the orc (D:5)
  A bullfrog (D:6)
  2 scorpions
  A wyvern skeleton (D:7)
  A water moccasin skeleton (D:6)
  4 killer bees (D:8)
  A howler monkey (D:8)
  3 wights (D:8)
  A bullfrog zombie (D:5)
  2 centaur zombies
  3 centaur skeletons
  3 orc priests
  3 hounds
  A bullfrog skeleton (D:6)
  A gnoll shaman (D:6)
  A jelly (D:6)
  Ijyb (D:5)
  10 orc wizards
  5 iguanas
  2 killer bee zombies
  A hound skeleton (D:5)
  A howler monkey skeleton (D:6)
  5 gnolls (D:6)
  18 adders
  A shadow imp (D:6)
  2 white imps
  2 ufetubi
  4 worms
  A dart slug (D:1)
  23 orcs
  6 endoplasms
  3 giant cockroaches
  7 goblins
  6 hobgoblins
  4 jackals (D:2)
  2 quokkas
  5 ball pythons
  6 bats
  5 frilled lizards
  24 kobolds
  13 rats
  A bush (D:7)
228 creatures vanquished.

Vanquished Creatures (others)
  78 plants
78 creatures vanquished.

Grand Total: 306 creatures vanquished

Notes
Turn   | Place    | Note
-------+----------+-------------------------------------------
     0 | D:1      | jbasstz the Draconian Berserker began the quest for the
                  | Orb.
     0 | D:1      | Reached XP level 1. HP: 19/19 MP: 1/1
   312 | D:1      | Reached XP level 2. HP: 24/26 MP: 2/2
  1085 | D:1      | Found a faded altar of an unknown god.
  1095 | D:1      | Reached ** piety under Trog
  1096 | D:1      | Reached XP level 3. HP: 31/31 MP: 3/3
  1342 | D:2      | Reached skill level 1 in Short Blades
  1616 | D:2      | Reached XP level 4. HP: 40/40 MP: 4/4
  1622 | D:2      | Found an iron altar of Okawaru.
  1827 | D:2      | Reached skill level 1 in Stealth
  2317 | D:3      | Reached XP level 5. HP: 25/46 MP: 5/5
  3509 | D:4      | Reached *** piety under Trog
  3520 | D:4      | Reached XP level 6. HP: 43/52 MP: 6/6
  3970 | D:4      | Reached skill level 1 in Shields
  4204 | D:4      | Found a shadowy altar of Dithmenos.
  4487 | D:5      | Entered Level 5 of the Dungeon
  4495 | D:5      | Noticed Blork the orc
  4506 | D:5      | Killed Blork the orc
  4507 | D:5      | Your scales start taking on a glossy black colour.
  4507 | D:5      | Reached XP level 7. HP: 23/60 MP: 2/7
  4507 | D:5      | Gained mutation: You are resistant to electric shocks.
                  | (rElec) [Black Draconian growth]
  4900 | D:5      | Noticed Pikel
  4927 | D:5      | Killed Pikel
  4928 | D:5      | Reached skill level 5 in Fighting
  4928 | D:5      | Reached skill level 5 in Short Blades
  4928 | D:5      | Reached skill level 4 in Axes
  4928 | D:5      | Reached XP level 8. HP: 25/68 MP: 2/8
  5365 | D:5      | Reached skill level 5 in Axes
  5758 | D:5      | Identified the +0 cloak "Vywaon" {-Tele Rampage +Inv}
  5775 | D:5      | Noticed Ijyb
  5786 | D:5      | Killed Ijyb
  6249 | D:6      | Reached skill level 5 in Dodging
  6289 | D:6      | Reached skill level 6 in Axes
  6889 | D:6      | Reached XP level 9. HP: 70/75 MP: 9/9
  6904 | D:6      | Reached **** piety under Trog
  6974 | D:6      | Reached skill level 7 in Axes
  7189 | D:6      | Got the Collected Works on Entrancing Conjuration
  7250 | D:6      | Reached skill level 8 in Axes
  8048 | D:7      | Found a burning altar of Makhleb.
  8357 | D:7      | Found a staircase to the Ecumenical Temple.
  8383 | D:7      | Found a sparkling altar of Nemelex Xobeh.
  8383 | D:7      | Found a stormy altar of Qazlal.
  8719 | D:8      | Reached skill level 9 in Axes
  8740 | D:8      | Reached ***** piety under Trog
  8743 | D:8      | Reached XP level 10. HP: 34/86 MP: 5/10
  9641 | D:8      | Noticed Psyche
  9660 | D:8      | Killed Psyche
  9661 | D:8      | Reached skill level 10 in Axes
 10628 | D:8      | Noticed Harold
 10635 | D:8      | Noticed Harold
 10635 | D:8      | Harold changed into Harold the cyclops
 10648 | D:8      | Killed Harold the cyclops
 10838 | D:9      | Identified the +4 flail of Supply {speed, rF- Str+4 Dex+2}
 10840 | D:9      | Noticed a two-headed ogre
 10847 | D:9      | a two-headed ogre changed into a naga
 10962 | D:9      | HP: 2/88 [something (6)]
 11339 | D:9      | Found a glowing golden altar of the Shining One.
 11339 | D:9      | Found a glowing silver altar of Zin.
 11340 | D:9      | Found a white marble altar of Elyvilon.
 11423 | D:9      | Noticed an elephant
 11435 | D:9      | Reached skill level 11 in Axes
 11448 | D:9      | Killed an elephant
 11734 | D:9      | Found an ancient bone altar of Kikubaaqudgha.
 11986 | D:9      | Noticed an elephant
 12027 | D:9      | Killed an elephant
 12048 | D:9      | HP: 3/89 [troll (4)]
 12049 | D:9      | HP: 1/89 [troll (3)]
 12051 | D:9      | Mangled by a troll

Illustrated notes

Levels and vault maps discovered:
D:1:      dpeg_arrival_triangle_fractal, layout_basic,
          ebering_ecumenical_altar_webs
D:2:      layout_basic, basic_altar, chequers_serial_rivers_room_a
D:3:      layout_loops_ring, serial_forest, infiniplex_forest_end_3,
          infiniplex_forest_straight_2, infiniplex_forest_diagonal,
          infiniplex_forest_zigzag_1, infiniplex_forest_diagonal,
          infiniplex_forest_corner_2, infiniplex_forest_zigzag_1,
          infiniplex_forest_corner_1, infiniplex_forest_lined_3, corner_web_ring
D:4:      layout_basic, nicolae_dithmenos_shadow_blocks, minmay_goblin_outpost
D:5:      layout_basic, serial_bayou_pond_e, kennysheep_another_room,
          uniq_blork_the_orc, uniq_pikel, uniq_ijyb
D:6:      minmay_bubble_buster, layout_basic
D:7:      layout_basic, gammafunk_temple_overflow_wave, lemuel_doored_altar,
          minmay_temple_entry_junction
D:8:      layout_basic, uniq_harold, uniq_psyche
D:9:      wad_woods_stonehenge, layout_small_grid, good_gods_temple_1,
          grunt_gozag_statues, lemuel_coloured_pillars_altar,
          hangedman_decor_riveting, minivault_22

Skill      XL: |  1  2  3  4  5  6  7  8  9 10 |
---------------+-------------------------------+-----
Dodging        | 3 4 5 6 |  6.7
Short Blades   | 1 2 3 4 5 |  5.6
Stealth        | 1 2 3 4 |  4.6
Fighting       | 4 5 6 7 8 |  8.3
Shields        | 1 2 3 |  3.1
Axes           | 4 6 9 11 | 11.4
Evocations     | |  0.9

Action                   |  1- 3 |  4- 6 |  7- 9 | 10-12 || total
-------------------------+-------+-------+-------+-------++-------
Melee: Short sword       |   107 |   194 |       |       ||   301
       Hand axe          |     7 |       |       |       ||     7
       Tailslap          |    11 |    23 |    45 |    39 ||   118
       War axe           |       |       |   311 |   194 ||   505
Evoke: Wand              |       |       |       |     4 ||     4
  Use: Potion            |       |       |       |     1 ||     1
 Stab: Sleeping          |     2 |     5 |     6 |       ||    13
       Distracted        |       |       |       |     1 ||     1
Armor: Skin              |    41 |    52 |   107 |    61 ||   261
Dodge: Dodged            |    84 |   135 |   178 |   101 ||   498
Block: Buckler           |       |    24 |    31 |    32 ||    87

Table legend: (Time is in decaauts)
 A = Elapsed time spent in this place.
 B = Non-inter-level travel time spent in this place.
 C = Inter-level travel time spent in this place.
 D = Time resting spent in this place.
 E = Time spent auto-exploring this place.
 F = Levels seen in this place.
 G = Mean time per level.
                   A        B        C        D        E       F      G
               +--------+--------+--------+--------+--------+-----+--------+
         Total |  12141 |  12141 |      0 |   3965 |   5282 |   9 | 1349.0 |
       Dungeon |  12141 |  12141 |      0 |   3965 |   5282 |   9 | 1349.0 |
               +--------+--------+--------+--------+--------+-----+--------+

Top non-repeatable levels by time:
     D:8: 2162 daAuts
     D:6: 1674 daAuts
     D:5: 1567 daAuts
     D:1: 1276 daAuts
     D:9: 1238 daAuts
     D:3: 1163 daAuts
     D:4: 1040 daAuts
     D:2: 1029 daAuts
     D:7: 989 daAuts
